 Dungeon Crawl Stone Soup version 0.28.0-45-g0d030f2227 (webtiles) character file.

Game seed: 8066911977506543586

204 dianekeaton the Cudgeller (level 5, 0/45 HPs)
             Began as a Minotaur Fighter on Apr 12, 2022.
             Slain by an orc wizard
             ... wielding a +0 dagger
              (1 damage)
             ... on level 5 of the Dungeon.
             The game lasted 00:06:38 (3190 turns).

dianekeaton the Cudgeller (Minotaur Fighter)        Turns: 3190, Time: 00:06:39

Health: 0/45       AC:  6    Str: 23    XL:     5   Next: 52%
Magic:  4/4        EV:  9    Int:  5    God:
Gold:   117        SH:  0    Dex:  9    Spells: 3/4 levels left

rFire   . . .      SeeInvis .   a - +0 flail
rCold   . . .      Faith    .   c - +0 buckler
rNeg    . . .      Spirit   .   b - +0 scale mail
rPois   .          Reflect  .   (helmet restricted)
rElec   .          Harm     .   (no cloak)
rCorr   .          Rampage  .   (no gloves)
Will    .....                   (no boots)
Stlth   ..........              (no amulet)
HPRegen 0.15/turn               (no ring)
MPRegen 0.09/turn               (no ring)

@: confused
A: horns 2, retaliatory headbutt
a: no special abilities


You were on level 5 of the Dungeon.
You visited 1 branch of the dungeon, and saw 5 of its levels.

You collected 177 gold pieces.
You spent 60 gold pieces at shops.

Inventory:

Hand Weapons
 a - a +0 flail (weapon)
Armour
 b - a +0 scale mail (worn)
 c - a +0 buckler (worn)
Jewellery
 i - a ring of protection from fire
 m - the ring "Qudat" {rPois rF+}
   (You took it off a kobold on level 2 of the Dungeon)

   [ring of poison resistance]

   rF:        It protects you from fire.
   rPois:     It protects you from poison.
Wands
 g - a wand of digging (4)
Scrolls
 k - 2 scrolls of immolation
Potions
 d - a potion of mutation {unknown}
 e - a potion of heal wounds
 f - 2 potions of lignification
 h - a potion of curing
 j - a potion of brilliance
 l - 4 potions of attraction
 o - a potion of haste {unknown}
 p - a potion of berserk rage {unknown}


   Skills:
 - Level 3.6 Fighting
 + Level 7.0 Maces & Flails
 - Level 3.6 Armour
 - Level 0.2 Dodging
 - Level 3.6 Shields


You had 3 spell levels left.
You knew the following spells:

 Your Spells              Type           Power      Damage    Failure   Level
a - Foxfire               Conj/Fire      0%         2x1d4     86%         1

Your spell library contained the following spells:

 Spells                   Type           Power      Damage    Failure   Level
 Pain                     Necr           0%         1d4       86%         1
 Summon Small Mammal      Summ           0%         N/A       86%         1
 Ensorcelled Hibernation  Hex/Ice        0%         N/A       95%         2
 Passwall                 Tmut/Erth      0%         N/A       95%         2
 Call Canine Familiar     Summ           0%         N/A       99%         3
 Conjure Flame            Conj/Fire      0%         6-21      99%         3
 Inner Flame              Hex/Fire       0%         N/A       99%         3
 Summon Guardian Golem    Hex/Summ       0%         N/A       99%         3
 Swiftness                Air            0%         N/A       99%         3
 Flame Wave               Conj/Fire      0%         2d4       100%        4
 Agony                    Necr           0%         N/A       100%        5
 Excruciating Wounds      Necr           0%         N/A       100%        5


Dungeon Overview and Level Annotations

Branches:
Dungeon (5/15)
 Temple: D:4-7

Altars:
Gozag
Ru

Shops:
D:2 ?

Annotations:
D:3 2 transporters, Zeld's ghost, amateur DrCj


Innate Abilities, Weirdness & Mutations

You have a pair of horns on your head.
You reflexively headbutt those who attack you in melee.


Message History

Something completely misses you.
You closely miss something. Your headbutt misses something.
You feel sick. The adder misses you. You furiously retaliate!
You headbutt the adder!
You kill the adder!
You hear some strange, mumbled words.
Something tries to affect you, but you resist.
Your Maces & Flails skill increases to level 7!
You barely miss something.
You feel sick. Something hits you but does no damage.
You miss something.
You feel sick.
You are no longer poisoned.
Something hits you.
You miss something. Something hits you but does no damage.
You closely miss something. Something hits you.
You closely miss something. Your headbutt misses something.
Something hits you but does no damage.
You hit something. Something hits you.
You miss something. Your headbutt misses something. Something hits you.
* * * LOW HITPOINT WARNING * * *
You miss something. Something hits you.
* * * LOW HITPOINT WARNING * * *
You barely miss something. Your headbutt misses something.
Something hits you but does no damage.
You closely miss something.
You hear some strange, mumbled words.
A magic dart appears from out of thin air!
The magic dart hits you.
* * * LOW HITPOINT WARNING * * *
You miss something. Your headbutt misses something. Something hits you.
* * * LOW HITPOINT WARNING * * *
Something hits you.
* * * LOW HITPOINT WARNING * * *
You miss something. Something hits you but does no damage.
You closely miss something. Your headbutt misses something.
Something hits you but does no damage.
You hit something.
You hear some strange, mumbled words.
You are confused.
You closely miss something. Something hits you.
You die...

.#.#.#.#.#.#.#.#<#.#.#.
#.#.#.#.#.#.#.#.#.#.#.#
#.#.#.#.#.#.#.#.#.#.#.
#.#.#.#.#.#.#.#.#.#.#
#.#.#.#.#.#.#.#.#.#
#.#.#$#.#.#.#.#.#.#
#.#.#.#.#...#.#.#.#
#†#.#.#.....#.#.#.
#.#@#.#.#...#.#.#.#
#.#.#{#.#.#.#.#.#.#.
#.#.#.#o#.#.#.#.#.#.#
#.#.#.#.#o(.....#.#.#.
#.#.#.#.#.......#.#.#.
#.#.#.#...........#+#.#
#### #....##....# #.
.... .....o #. ..o ..


You could see 2 orcs.

Vanquished Creatures
  An ogre (D:4)
  An orc priest (D:4)
  An adder (D:5)
  3 worms
  3 dart slugs
  An orc (D:5)
  10 ball pythons
  6 endoplasms
  A giant cockroach (D:1)
  3 goblins (D:1)
  6 hobgoblins
  4 jackals (D:2)
  8 kobolds
  3 quokkas
  5 bats
  A frilled lizard (D:1)
  5 rats
62 creatures vanquished.

Notes
Turn   | Place    | Note
-------+----------+-------------------------------------------
     0 | D:1      | dianekeaton the Minotaur Fighter began the quest for the
                  | Orb.
     0 | D:1      | Reached XP level 1. HP: 19/19 MP: 0/0
   187 | D:1      | Reached skill level 3 in Maces & Flails
   312 | D:1      | Reached XP level 2. HP: 26/26 MP: 1/1
   400 | D:1      | Reached skill level 4 in Maces & Flails
   549 | D:1      | Found a faded altar of an unknown god.
   631 | D:1      | Reached XP level 3. HP: 23/31 MP: 2/2
  1379 | D:2      | Identified the ring "Qudat" {rPois rF+}
  1474 | D:2      | Found Luduiqouff's Magic Scroll Emporium.
  1483 | D:2      | Bought 3 scrolls of identify for 60 gold pieces
  1565 | D:2      | Reached skill level 5 in Maces & Flails
  1774 | D:3      | Found a transporter.
  1774 | D:3      | Noticed a scorpion
  1776 | D:3      | Noticed an orc warrior
  1778 | D:3      | Noticed Zeld's ghost (amateur DrCj)
  1788 | D:3      | Found a transporter.
  1956 | D:3      | Reached XP level 4. HP: 39/39 MP: 3/3
  2024 | D:3      | Found a sacrificial altar of Ru.
  2467 | D:4      | Learned a level 1 spell: Foxfire
  2490 | D:4      | Noticed an ogre
  2496 | D:4      | Killed an ogre
  2497 | D:4      | Reached skill level 6 in Maces & Flails
  2497 | D:4      | Reached XP level 5. HP: 23/45 MP: 4/4
  2791 | D:4      | Found an opulent altar of Gozag.
  3093 | D:5      | Entered Level 5 of the Dungeon
  3176 | D:5      | Reached skill level 7 in Maces & Flails
  3186 | D:5      | HP: 1/45 [something (2)]
  3190 | D:5      | Slain by an orc wizard

Illustrated notes

Levels and vault maps discovered:
D:1:      ebering_hopf_link, layout_loops_corners,
          hellmonk_ecumenical_altar_zigzags, st_stairs_1
D:2:      layout_loops_ring, serial_shops, shop_statue
D:3:      layout_rooms, mainiacjoe_overflow_concentric_impassable,
          gammafunk_ghost_arena, roderic_roman_lattice, hangedman_decor_push,
          lightli_corner_chamber
D:4:      layout_rooms, nicolae_overflow_crystal_walls,
          hangedman_decor_slide_cut
D:5:      layout_basic

Skill      XL: |  1  2  3  4  5 |
---------------+----------------+-----
Maces & Flails | 3 4 5 6 7 |  7.0
Fighting       | |  3.6
Armour         | |  3.6
Dodging        | |  0.2
Shields        | |  3.6

Action                   |  1- 3 |  4- 6 || total
-------------------------+-------+-------++-------
Melee: Flail             |   110 |    47 ||   157
       Headbutt          |    15 |     3 ||    18
  Use: Scroll            |     7 |     3 ||    10
       Potion            |       |     1 ||     1
Armor: Scale mail        |    58 |    25 ||    83
Dodge: Dodged            |    53 |    19 ||    72
Block: Buckler           |     9 |     9 ||    18
